[Event "*** Titled Tuesday Blitz"]
[Site "Chess.com"]
[Date "2019.01.01"]
[Round "1"]
[White "andrzej"]
[Black "Airquake"]
[Result "1-0"]
[WhiteElo "2270"]
[BlackElo "2581"]
[TimeControl "180+2"]
[EndTime "13:09:23 PST"]
[Termination "andrzej won by checkmate"]

1. d4 Nf6 2. c4 e6 3. g3 d5 4. Nf3 Be7 5. Bg2 O-O 6. O-O c6 7. Nbd2 Nbd7 8. Qc2 h6 9. Rd1 Re8 10. b3 Bf8 11. Bb2 b6 12. e4 dxe4 13. Nxe4 Nxe4 14.
Qxe4 Bb7 15. Ne5 Qc8 16. Rac1 Nf6 17. Qf3 a5 18. c5 b5 19. a3 Qc7 20. Rd3 Nd5 21.
Re1 Rad8 22. h4 b4 23. axb4 axb4 24. Rdd1 Ra8 25. Ra1 Ba6 26. Ra4 Bb5 27. Raa1 Red8 28. h5 Rxa1 29. Rxa1 Rc8 30. Bh3 Nf6 31. Re1 Ra8 32.
Nxf7 Kxf7 33. Bxe6+ Ke8 34. d5 Bxc5 35. Be5 Bd6 36.
Bxf6 gxf6 37. Qxf6 Qe7 38. Bf7+ Kd7 39. Rxe7+ Bxe7 40. Qe6+ Kd8 41. dxc6 Ra1+ 42. Kh2 Rd1 43. c7+ Kxc7 44.
Qxe7+ Kb6 45. Qxb4 Ka6 46. Bc4 Bxc4 47. Qxc4+ Kb6 48.
Qe6+ Kc5 49. Qxh6 Rd2 50. Qxd2 Kb5 51. h6 Kc5 52. h7 Kb5 53. h8=Q Kc5 54. Qc8+ Kb5 55.
Qd3+ Kb4 56. Qcc4+ Ka3 57. Qa4+ Kb2 58. Qd2+ Kb1 59.
Qaa2# 1-0

[Event "*** Titled Tuesday Blitz"]
[Site "Chess.com"]
[Date "2019.01.01"]
[Round "1"]
[White "2165149677570"]
[Black "Yaacovn"]
[Result "0-1"]
[WhiteElo "2343"]
[BlackElo "2698"]
[TimeControl "180+2"]
[EndTime "13:09:24 PST"]
[Termination "Yaacovn won by resignation"]

1. e4 c6 2. d4 d5 3. Nc3 dxe4 4. Nxe4 Nf6 5. Nxf6+ gxf6 6. Nf3 Bg4 7. c3 Qd5 8.
Be2 e6 9. h3 Bh5 10. Bf4 Bd6 11. Bxd6 Qxd6 12. Qd2 Nd7 13. O-O-O O-O-O 14. g4 Bg6 15.
Bd3 Qd5 16. Qe3 Qxa2 17. Bxg6 hxg6 18. Kc2 Qa4+ 19. Kd2 Nb6 20. Qd3 Nc4+ 21. Kc1 Rd5 22. Nd2 Nxb2 23. Kxb2 Rb5+ 24. Qxb5 Qxb5+ 25. Kc2 Qa4+ 26.
Kd3 Rxh3+ 27. Rxh3 Qxd1 28. Rh8+ Kd7 29. f3 a5 30. Ra8 a4 31. Ra7 Kc7 32. Ra8 b5 33.
Ra7+ Kb6 34. Ra8 a3 35. Rxa3 c5 36. dxc5+ Kxc5 37. Ra8 Kd6 38. Rd8+ Ke7 39. Rb8 Qa4 40. Rb7+ Kf8 41. Rb8+ Kg7 42. Rd8 b4 43. cxb4 Qxb4 44. Rd4 Qb5+ 45. Ke3 e5 46. Rd3 f5 47. gxf5 gxf5 48.
Rb3 Qc5+ 49. Ke2 Qc6 50. Re3 f6 51. Rb3 f4 52. Rd3 Qa6 53. Nb3 f5 54. Kd2 e4 55.
Rd7+ Kf8 56. Rd8+ Ke7 57. Rd7+ Ke8 58. fxe4 fxe4 59. Rd4 e3+ 60. Ke1 Qf6 61. Re4+ Kd8 62. Nd4 Kd7 63. Ke2 Qa6+ 64. Ke1 Qd3 65. Rxf4 Kd6 66. Nf3 Qc2 67. Rd4+ Kc5 68. Rf4 Qf2+ 69. Kd1 e2+ 0-1

[Event "*** Titled Tuesday Blitz"]
[Site "Chess.com"]
[Date "2019.01.01"]
[Round "1"]
[White "IngOscarArdila"]
[Black "LawrenceTrent"]
[Result "0-1"]
[WhiteElo "2099"]
[BlackElo "2515"]
[TimeControl "180+2"]
[EndTime "13:09:25 PST"]
[Termination "LawrenceTrent won on time"]

1. e4 e5 2. Nf3 Nc6 3. Bb5 Nge7 4.
O-O a6 5. Ba4 g6 6. d3 Bg7 7. c3 O-O 8. Re1 b5 9. Bc2 d6 10. h3 h6 11. d4 Bb7 12. Be3 Na5 13. Nbd2 f5 14. exf5 Nxf5 15. dxe5 dxe5 16. Qe2 Nxe3 17.
Qxe3 Qd6 18. Be4 Rae8 19. Bxb7 Nxb7 20. Ne4 Qc6 21. Rad1 Nd6 22. Nxd6 cxd6 23. Qe4 Qxe4 24. Rxe4 Rd8 25. Rd5 Kf7 26. Re1 Ke6 27. Red1 e4 28. Nh2 Rf5 29. Rxf5 gxf5 30. Nf1 d5 31. f3 b4 32.
cxb4 Bxb2 33. fxe4 fxe4 34. Kf2 Ba3 35. Rb1 Rb8 36. Rb3 Bxb4 37. Ke2 Bd6 38. Nd2 Rxb3 39. Nxb3 Ke5 40. a4 d4 41. g4 d3+ 42. Ke3 Bb8 43.
h4 Ba7+ 44. Kd2 Bf2 45. g5 Bxh4 46. gxh6 Bg5+ 47. Kc3 Bxh6 48. Nc5 a5 49. Nb3 d2 50.
Kc2 e3 51. Kd1 Ke4 52. Ke2 Bf8 53. Nxa5 d1=Q+ 54. Kxd1 Kf3 55. Nc6 e2+ 56. Ke1 Ke3 57.
a5 Bd6 0-1

[Event "*** Titled Tuesday Blitz"]
[Site "Chess.com"]
[Date "2019.01.01"]
[Round "1"]
[White "jmduque"]
[Black "Fins0905"]
[Result "0-1"]
[WhiteElo "2208"]
[BlackElo "2567"]
[TimeControl "180+2"]
[EndTime "13:09:27 PST"]
[Termination "Fins0905 won on time"]

1. e4 d5 2. exd5 Qxd5 3. Nc3 Qa5 4. d4 Nf6 5. Bc4 c6 6. Bd2 Bf5 7. Nf3 e6 8. Nd5 Qd8 9. Nxf6+ gxf6 10. Bb3 Nd7 11.
Qe2 Qc7 12. O-O-O O-O-O 13. Nh4 Bg6 14. g3 Kb8 15. Ng2 Bd6 16. h4 h5 17. Nf4 Bf5 18. Nxh5 c5 19. Bf4 Bxf4+ 20. Nxf4 cxd4 21. Rxd4 Nc5 22. Rxd8+ Rxd8 23. Rd1 Rc8 24. Rd2 a5 25.
Qc4 Qc6 26. a4 Qh1+ 27. Rd1 Qf3 28. Nd3 Nxd3+ 29. Rxd3 Qxf2 30. Qd4 Qe1+ 31. Rd1 Qe2 32. Qf4+ Ka8 33. Rd2 Qe1+ 34. Rd1 Qe2 35. Rd2 Qe1+ 36. Rd1 Qe2 37. Rd2 Qa6 38. h5 Qc6 39. Rh2 Rd8 40. h6 Bh7 41. Qxf6 Qd6 42. Qf1 Qe5 43. Rd2 Rg8 44.
Qxf7 Rxg3 45. Qxh7 Rg1+ 46. Rd1 Qe3+ 47. Kb1 Rxd1+ 48.
Ka2 Qe1 0-1

[Event "*** Titled Tuesday Blitz"]
[Site "Chess.com"]
[Date "2019.01.01"]
[Round "1"]
[White "Msb2"]
[Black "ehrenfeld"]
[Result "1-0"]
[WhiteElo "2806"]
[BlackElo "2424"]
[TimeControl "180+2"]
[EndTime "13:09:28 PST"]
[Termination "Msb2 won by resignation"]

1. d4 Nf6 2. Nf3 e6 3. g3 b5 4. Bg2 Bb7 5. O-O c5 6. c3 Be7 7. Bg5 Na6 8. e3 O-O 9. Qe2 Qb6 10. Na3 Nc7 11. Rfd1 c4 12. Bxf6 Bxf6 13. e4 Be7 14. Nc2 d6 15. h4 d5 16. e5 a5 17. g4 f5 18. exf6 Rxf6 19. Ne5 Bc6 20. a4 b4 21. Ne3 Raf8 22. N3xc4 dxc4 23. Nxc6 Bd6 24. Rf1 Nd5 25. Qxc4 Nf4 26. g5 Rf5 27. Rae1 Kh8 28.
Kh1 h6 29. Be4 hxg5 30. Bxf5 Rxf5 31. Ne5 Qb7+ 32. f3 Qe7 33. Ng4 gxh4 34. Re4 h3 35.
d5 exd5 36. Rxe7 dxc4 37. Re4 bxc3 38. bxc3 Rd5 39. Rd4 Rxd4 40. cxd4 Ne2 41. Re1 Nxd4 42. Re4 Bc5 43. Re8+ Kh7 44. Rc8 Nb3 45. Ne5 c3 46. Nd3 c2 47. Kh2 Kg6 48. Kxh3 Kf5 49. Kg2 Ke6 50. Nxc5+ 1-0

[Event "*** Titled Tuesday Blitz"]
[Site "Chess.com"]
[Date "2019.01.01"]
[Round "1"]
[White "Caminator2000"]
[Black "Anahita_Gholami"]
[Result "1-0"]
[WhiteElo "2380"]
[BlackElo "2705"]
[TimeControl "180+2"]
[EndTime "13:09:28 PST"]
[Termination "Caminator2000 won by resignation"]

1. d4 Nf6 2. c4 e6 3. Nc3 Bb4 4.
g3 O-O 5. Bg2 c5 6. Nf3 Nc6 7.
O-O Bxc3 8. bxc3 d6 9. Rb1 Na5 10. dxc5 dxc5 11. Qxd8 Rxd8 12. Ne5 Nd7 13. Rd1 f6 14. Rb5 fxe5 15. Rxa5 Rf8 16. Bxb7 Bxb7 17. Rxd7 Rf7 18. Rxf7 Kxf7 19. Rxc5 Rb8 20. Rc7+ Kf6 21. Be3 Ba8 22. f3 a6 23. Ra7 Bb7 24. Bb6 Bc8 25. c5 Rb7 26. Rxa6 Rd7 27. Ra8 Bb7 28. Rf8+ Kg6 29. Rb8 Ba6 30. c6 Rd6 31. c7 Rc6 32. Ra8 Bb7 33. Rb8 Ba6 34. Ba5 Rc5 35. Rb6 Bc8 36.
Rb8 Ba6 37. Ra8 Bb7 38. Ra7 Bc8 39. Bb4 Rc6 40. a4 Kf5 41. Kf2 e4 42. Ra5+ Kg6 43.
Rc5 Ra6 44. a5 exf3 45. exf3 Kf7 46. Ke3 Ke8 47. Rc4 Kd7 48. Rg4 g6 49. Rh4 h5 50.
g4 hxg4 51. Rxg4 e5 52. Rc4 Rf6 53. Rc5 Bb7 54. Rxe5 Rxf3+ 55. Ke2 Kxc7 56. Re7+ Kc6 57. Kxf3 1-0

[Event "*** Titled Tuesday Blitz"]
[Site "Chess.com"]
[Date "2019.01.01"]
[Round "1"]
[White "chedimir"]
[Black "snowlord"]
[Result "1-0"]
[WhiteElo "2364"]
[BlackElo "2687"]
[TimeControl "180+2"]
[EndTime "13:09:28 PST"]
[Termination "chedimir won by resignation"]

1. e4 c5 2. Nf3 d6 3. d4 cxd4 4. Nxd4 Nf6 5. Nc3 a6 6. Bg5 Nbd7 7. f4 Qa5 8. Qf3 h6 9. Bh4 g5 10. Bf2 gxf4 11. Nb3 Qg5 12. Nd5 Nxd5 13. exd5 Ne5 14. Qc3 Bg7 15. O-O-O Bf5 16. h4 Qg6 17. Nd4 Rc8 18. Qb3 Ng4 19. h5 Qh7 20. Nxf5 Qxf5 21. Bd3 Qf6 22. Bh4 Qe5 23. Rhe1 Ne3 24. Bf2 O-O 25.
Bxe3 fxe3 26. Kb1 Kh8 27. c4 f5 28. Be2 Bf6 29. g4 fxg4 30. Rd3 Bg5 31. Bxg4 Rf2 32. Bxc8 e2 33. Bh3 Qf4 34. Qc3+ Bf6 35. Qd2 Qxd2 36. Rxd2 Rh2 37. Bg4 Rg2 38. Bxe2 Bg5 39. Rdd1 Bh4 40. Rh1 Bf6 41. Rd2 Bg5 42. Rc2 Rg3 43.
a4 a5 44. Rf1 b6 45. Rc3 Rg2 46. Bf3 Rh2 47. Rb3 Bf6 48. Rxb6 Bd4 49. Rb7 Kg7 50. Be4 Bf6 51. Bg6 Rg2 52. Rc1 Bg5 53. Rc2 Rg1+ 54. Ka2 Bf6 55. c5 dxc5 56. d6 Rg4 57. dxe7 1-0

[Event "*** Titled Tuesday Blitz"]
[Site "Chess.com"]
[Date "2019.01.01"]
[Round "1"]
[White "TheNomNomFactor"]
[Black "StephenDedalus83"]
[Result "1/2-1/2"]
[WhiteElo "2390"]
[BlackElo "2720"]
[TimeControl "180+2"]
[EndTime "13:09:31 PST"]
[Termination "Game drawn - insufficient material"]

1. d4 Nf6 2. c4 c5 3. d5 b5 4.
cxb5 a6 5. bxa6 g6 6. Nc3 Bg7 7. Nf3 O-O 8. e4 Qa5 9. Nd2 Bxa6 10.
Be2 e6 11. O-O exd5 12. exd5 d6 13. a4 Nbd7 14. Bb5 Nb6 15. Qf3 Bb7 16. Nc4 Nxc4 17. Bxc4 Qb4 18. b3 Nd7 19. Bd2 Ne5 20. Qe2 Nxc4 21.
Qxc4 Ba6 22. Qxb4 cxb4 23. Ne4 Bxf1 24. Rxf1 Rab8 25. Nxd6 Rfd8 26. Bf4 Bf8 27. Nc4 Rbc8 28. d6 Rc5 29. Rd1 Bg7 30. Kf1 g5 31. Be3 Rc6 32.
Bxg5 Rd7 33. Be7 f5 34. f4 Kf7 35. Ne5+ Bxe5 36. fxe5 Ke6 37. Bf6 Rc3 38. Rb1 f4 39. Ke2 Rf7 40. Kf2 Ra7 41. Ke2 Ra5 42. Kf2 Rd5 43.
Ke2 h5 44. Rb2 Rdd3 45. Rd2 Rxd2+ 46. Kxd2 Rxb3 47. Kc2 Ra3 48. Bg5 f3 49. gxf3 Rxf3 50. h4 Ra3 51. Kb2 Rd3 52. Bf6 Ra3 53. Bg5 Rxa4 54. Kb3 Ra7 55. Kxb4 Kxe5 56. Be7 Ke6 57. Kc5 Ra1 58. Kd4 Rd1+ 59. Ke4 Rd5 60. Kf4 Kd7 61.
Ke4 Kc6 62. Kf4 Kb5 63. Ke4 Kc4 64. Kf4 Kd3 65. Bf8 Kd4 66. Be7 Kc4 67. Ke4 Rd1 68. Ke5 Kb5 69. Ke6 Kc6 70. Kf6 Kd7 71. Kg6 Rd5 72.
Bg5 Kxd6 73. Kxh5 Ke6 74. Kg6 Rd7 75. h5 Ra7 76. h6 Rb7 77. h7 Rxh7 78. Kxh7 1/2-1/2

[Event "*** Titled Tuesday Blitz"]
[Site "Chess.com"]
[Date "2019.01.01"]
[Round "1"]
[White "guillembaches"]
[Black "Grandelicious"]
[Result "1/2-1/2"]
[WhiteElo "2322"]
[BlackElo "2634"]
[TimeControl "180+2"]
[EndTime "13:09:31 PST"]
[Termination "Game drawn by agreement"]

1. e4 c5 2. Nf3 e6 3. g3 Nc6 4.
Bg2 Nf6 5. Qe2 e5 6. O-O Be7 7. Nc3 d6 8. Nd5 Nxd5 9. exd5 Nb4 10. Ne1 O-O 11. c3 Na6 12. d3 b5 13. a3 Nc7 14.
b4 Bb7 15. c4 cxb4 16. axb4 Bf6 17. Bb2 Re8 18. Nc2 a6 19. Ne3 g6 20. Rac1 a5 21.
bxa5 Rxa5 22. Bc3 Ra8 23. Nc2 bxc4 24. dxc4 Na6 25. Nb4 Nc5 26. Nc6 Qc7 27. Rb1 Bg7 28. Bb4 Bxc6 29. dxc6 Ne6 30. Bc3 Nd8 31. Qe4 Rc8 32.
Rfd1 Nxc6 33. Qd3 Red8 34. Bd5 Ne7 35. Rb7 Nxd5 36. Qxd5 Qxc4 37. Ba5 Qxd5 38. Rxd5 Re8 39. Rxd6 Rb8 40. Rc7 Rec8 41. Rcd7 Ra8 42. Bc7 Bf8 43. Rd5 f6 44. Bb6 Rab8 45. Be3 Re8 46. h4 Re7 47. R7d6 Kf7 48. Ra6 Reb7 49. Bc5 Bxc5 50. Rxc5 Rd8 51. Rcc6 Kg7 52. Rxf6 Rf8 53. Rxf8 Kxf8 54. Re6 Rb5 55. Kg2 1/2-1/2

[Event "*** Titled Tuesday Blitz"]
[Site "Chess.com"]
[Date "2019.01.01"]
[Round "1"]
[White "ChristopherYoo"]
[Black "StoreySniper"]
[Result "0-1"]
[WhiteElo "2639"]
[BlackElo "2323"]
[TimeControl "180+2"]
[EndTime "13:09:33 PST"]
[Termination "StoreySniper won by resignation"]

1. e4 g6 2. d4 Bg7 3. Nc3 c5 4.
dxc5 Bxc3+ 5. bxc3 Nf6 6. f3 Qa5 7. Qd4 Nc6 8. Qe3 b6 9. cxb6 axb6 10. Bc4 Ba6 11. Bxa6 Rxa6 12. Ne2 O-O 13. O-O Qa4 14.
Qd2 Rc8 15. a3 d6 16. Rf2 Ra5 17. Nd4 Rc5 18. Nb3 Rc4 19. Bb2 Ne5 20. Qe2 R4c7 21.
Nd4 Nc4 22. Bc1 e5 23. Nb3 Na5 24. Nxa5 bxa5 25. Bg5 Nh5 26. g4 Ng7 27. Qd3 Ne6 28. Bf6 Rc6 29. Rd1 Qxa3 30. Rfd2 Qc5+ 31. Kh1 Nf4 32. Qf1 h6 33. Qe1 Qxc3 34. Qg3 Qb2 35. Qh4 Kh7 36. Bg5 Kg8 37. Qxh6 d5 38. exd5 Qc3 39.
Rf2 Rd6 40. Bxf4 exf4 41. Qxf4 Qc5 42. c4 Qxf2 43. g5 Rcd8 44. Rc1 Qe2 45. h4 a4 46. Kg1 a3 47. Qd4 Qb2 48. Qe3 a2 49. c5 Rxd5 50. Qe1 Qxc1 51. Qxc1 Rd1+ 52. Kf2 Rxc1 53. h5 a1=Q 54.
hxg6 Qd4+ 0-1

[Event "*** Titled Tuesday Blitz"]
[Site "Chess.com"]
[Date "2019.01.01"]
[Round "1"]
[White "alpasya2009"]
[Black "dmosesov"]
[Result "1-0"]
[WhiteElo "2668"]
[BlackElo "2325"]
[TimeControl "180+2"]
[EndTime "13:09:34 PST"]
[Termination "alpasya2009 won on time"]

1. d4 Nf6 2. c4 e6 3. Nf3 d5 4. g3 dxc4 5. Bg2 b5 6. Ne5 Nd5 7. a4 c6 8. O-O Bb7 9. e4 Nf6 10. Nc3 a6 11. Be3 Be7 12. f4 O-O 13. axb5 cxb5 14.
d5 exd5 15. exd5 Bd6 16. b3 cxb3 17. Qxb3 Nbd7 18. Nc6 Qc7 19. Rac1 Rae8 20. Bd4 Nc5 21. Qc2 Nfd7 22. Rfe1 Rxe1+ 23. Rxe1 Qb6 24. Ne4 Bxc6 25.
dxc6 Qa5 26. Ra1 Qb4 27. Bc3 Qb3 28. Qxb3 Nxb3 29. Nxd6 Nxa1 30. cxd7 Nc2 31. Nb7 b4 32.
Bb2 a5 33. d8=Q Rxd8 34. Nxd8 a4 35. Be4 Ne3 36. Bd4 Nc4 37. Bd5 Nd2 38. Bxf7+ Kh8 39.
Kf2 a3 40. Ne6 h6 41. f5 b3 42. Bxg7+ Kh7 43. f6 1-0

[Event "*** Titled Tuesday Blitz"]
[Site "Chess.com"]
[Date "2019.01.01"]
[Round "1"]
[White "NemtsevIgor"]
[Black "maciek_92"]
[Result "1-0"]
[WhiteElo "2316"]
[BlackElo "2634"]
[TimeControl "180+2"]
[EndTime "13:09:34 PST"]
[Termination "NemtsevIgor won by resignation"]

1. d4 f5 2. Nc3 Nf6 3. Bg5 d5 4. Bxf6 exf6 5. e3 Be6 6. h4 h5 7. Nh3 g6 8. Nf4 Bf7 9. g3 c6 10. Bd3 Bd6 11. Nce2 Qb6 12. Kf1 Nd7 13. Kg2 Rb8 14. b3 a5 15. c4 Qc7 16. cxd5 cxd5 17.
Rc1 Qb6 18. Nc3 Bxf4 19. gxf4 O-O 20. Kh2 Kh7 21. Rg1 Rbc8 22. Ne2 Qd6 23. Ng3 Rxc1 24.
Qxc1 a4 25. Qc2 axb3 26. axb3 Qc6 27. Qe2 Qe6 28. Rc1 Nb6 29. Qc2 Rc8 30. Qd1 Kg7 31.
Rc5 Rxc5 32. dxc5 Nd7 33. b4 b6 34. Qc2 bxc5 35. bxc5 Qc6 36. Bxf5 gxf5 37. Nxf5+ Kf8 38. Nd4 Qxc5 39. Qf5 Ke7 40. Qh7 Nf8 41. Nf5+ Ke8 42. Ng7+ Kd8 43. Qh6 Nd7 44. Nf5 Qf8 45. Ng7 Ke7 46.
Nf5+ Ke8 47. Ng7+ Kd8 48. Qh7 Qg8 49. Qh6 Kc7 50. Kh3 Qf8 51. Kh2 Qg8 52. Kh3 Be6+ 53. Kh2 Bg4 54. Qg6 d4 55. Ne8+ 1-0

[Event "*** Titled Tuesday Blitz"]
[Site "Chess.com"]
[Date "2019.01.01"]
[Round "1"]
[White "ElenaPershina"]
[Black "G_Threepwood"]
[Result "0-1"]
[WhiteElo "1904"]
[BlackElo "2491"]
[TimeControl "180+2"]
[EndTime "13:09:35 PST"]
[Termination "G_Threepwood won by resignation"]

1. c4 g6 2. g3 Bg7 3. Bg2 e5 4. Nc3 Nc6 5. e3 d6 6. d3 Be6 7. Nge2 Qd7 8. O-O Bh3 9. Nd5 O-O-O 10. Rb1 h5 11. b4 h4 12. Bh1 hxg3 13. Nxg3 Bxf1 14. Qxf1 Qh3 15. Qxh3+ Rxh3 16. Bg2 Rh7 17. b5 Nce7 18. Nc3 Nf6 19. h3 Nf5 20. a4 Nxg3 21. fxg3 Kb8 22. a5 Nh5 23. Kf2 f5 24. a6 b6 25. Bd2 Nf6 26. Rh1 Ng8 27. Nd5 Re8 28. Bb4 Ne7 29. Nc3 g5 30. Ba3 Bf6 31. Bc1 Rg8 32. Bd2 Bg7 33. Na2 Bh6 34. Nb4 Rf8 35.
d4 Bg7 36. Bc3 f4 37. gxf4 gxf4 38. e4 exd4 39. Bd2 Be5 40. Bf3 Rg8 41. h4 Rgh8 42. h5 Rg7 43. Rf1 Rg3 44. Be1 Kc8 45. Ke2 Rh3 46.
Rg1 Rh2+ 47. Kd3 Kd8 48. Bg4 Rg8 49. Bd2 Rxh5 50. Nc6+ Nxc6 51. bxc6 Rhg5 0-1

[Event "*** Titled Tuesday Blitz"]
[Site "Chess.com"]
[Date "2019.01.01"]
[Round "1"]
[White "champ2005"]
[Black "ASVZ"]
[Result "1-0"]
[WhiteElo "2626"]
[BlackElo "2270"]
[TimeControl "180+2"]
[EndTime "13:09:37 PST"]
[Termination "champ2005 won by checkmate"]

1. b3 b6 2. Bb2 Bb7 3. Nf3 e6 4.
g3 f5 5. Bg2 Nf6 6. O-O g6 7. d3 Bg7 8. c4 O-O 9. Nbd2 c5 10. Re1 d5 11. Qc2 Qd7 12. Ne5 Qc7 13. Ndf3 d4 14. e3 dxe3 15. Rxe3 Re8 16. Rae1 Nc6 17.
Nxc6 Qxc6 18. Nh4 Qd7 19. Bxb7 Qxb7 20. Rxe6 Kf7 21. Rxe8 Rxe8 22. Rxe8 Nxe8 23. Bxg7 Nxg7 24. Qe2 Ne6 25. Nf3 g5 26. h3 h5 27. Qe3 g4 28.
Ng5+ Nxg5 29. Qxg5 Qf3 30. Qxh5+ Kf6 31. hxg4 Qd1+ 32. Kg2 fxg4 33. Qh6+ Ke5 34. Qe3+ Kf5 35. Qe4+ Kg5 36. Qe7+ Kf5 37. Qxa7 Qf3+ 38. Kg1 Qd1+ 39. Kh2 Qd2 40. Kg2 Ke5 41. Qxb6 Kd4 42. Qd6+ Kc3 43. Qxc5 Kb2 44. Qe3 Qd1 45. d4 Ka3 46. d5 Qb1 47. Qd4 Qf5 48. d6 Qf3+ 49. Kg1 Qe2 50. d7 Qe1+ 51.
Kg2 Qe2 52. d8=Q Qf3+ 53. Kg1 Qb7 54. Qa5# 1-0

[Event "*** Titled Tuesday Blitz"]
[Site "Chess.com"]
[Date "2019.01.01"]
[Round "1"]
[White "oskariot"]
[Black "tteshan"]
[Result "1-0"]
[WhiteElo "2522"]
[BlackElo "2119"]
[TimeControl "180+2"]
[EndTime "13:09:37 PST"]
[Termination "oskariot won by resignation"]

1. c4 c5 2. g3 g6 3. Bg2 Bg7 4.
Nc3 Nc6 5. e4 e6 6. Nge2 Nge7 7.
O-O O-O 8. d3 d6 9. Be3 e5 10.
f4 f5 11. Nd5 Be6 12. Qd2 Qd7 13. Rae1 fxe4 14. dxe4 exf4 15. gxf4 Bh3 16. Ng3 Bxg2 17. Qxg2 Nd4 18. f5 Nxd5 19. cxd5 gxf5 20. exf5 Kh8 21.
Bxd4 Bxd4+ 22. Kh1 Rae8 23. Re6 b5 24. Qh3 Be5 25. Ne4 Qb7 26. Rd1 Qg7 27. Rg1 Qb7 28.
Rd1 Qg7 29. b3 Rg8 30. f6 Qg6 31. Qf3 Bd4 32. h3 Ref8 33. Rf1 Qf7 34. Nxd6 Qd7 35. f7 Rg7 36. Qf5 c4 37. Re8 Qxd6 38. Qc8 Bc5 39.
bxc4 bxc4 40. Rxf8+ Qxf8 41. Qe6 Rg6 42. Qe5+ Rg7 43.
h4 Bd6 44. Qd4 h6 45. Qf6 Kh7 46. Qf5+ Rg6 47. h5 Qg7 48. Qxg6+ 1-0

[Event "*** Titled Tuesday Blitz"]
[Site "Chess.com"]
[Date "2019.01.01"]
[Round "1"]
[White "ahmadzada13"]
[Black "ama18"]
[Result "1-0"]
[WhiteElo "2842"]
[BlackElo "2437"]
[TimeControl "180+2"]
[EndTime "13:09:41 PST"]
[Termination "ahmadzada13 won by checkmate"]

1. e4 c5 2. Nf3 d6 3. d4 cxd4 4. Nxd4 Nf6 5. Nc3 a6 6. Bc4 e6 7. Bb3 b5 8. O-O Be7 9. Qf3 Qb6 10. Be3 Qb7 11. Qg3 O-O 12. Bh6 Ne8 13. Rfe1 Kh8 14. Bg5 Nf6 15. a3 Bd7 16. Rad1 Nc6 17. Nf3 Na5 18. Bxf6 gxf6 19. Qh4 Rg8 20. Ne2 Nc4 21. Bxc4 bxc4 22. Rb1 Rg7 23. Ng3 Rag8 24. b3 cxb3 25.
cxb3 Bc6 26. Qh5 Bf8 27. Nd4 Be8 28. Qf3 Be7 29. Rbc1 Bd7 30. Rc3 Rc8 31. Rec1 Rgg8 32. Qh5 Rxc3 33. Rxc3 Kg7 34. Qf3 Rc8 35. Nh5+ Kh8 36.
Rxc8+ Qxc8 37. h3 e5 38. Nf5 Bxf5 39. exf5 Qc1+ 40. Kh2 Qc8 41. Qg4 Qg8 42. Qe4 Qd8 43.
Qg4 Qg8 44. Qc4 Qe8 45. Ng3 Kg8 46. Ne4 Qd7 47. Qd5 Qxf5 48. g3 Qe6 49. Qa8+ Kg7 50.
Qxa6 Qxb3 51. Nxd6 Qb2 52. Nf5+ Kg6 53. Nxe7+ Kh6 54. Qxf6+ Kh5 55. g4# 1-0

[Event "*** Titled Tuesday Blitz"]
[Site "Chess.com"]
[Date "2019.01.01"]
[Round "1"]
[White "Justinz"]
[Black "Vuk2000"]
[Result "0-1"]
[WhiteElo "2376"]
[BlackElo "2737"]
[TimeControl "180+2"]
[EndTime "13:09:41 PST"]
[Termination "Vuk2000 won by resignation"]

1. d4 e6 2. c4 Nf6 3. Nc3 Bb4 4. Qc2 O-O 5. a3 Bxc3+ 6. Qxc3 Ne4 7. Qc2 f5 8. Nf3 b6 9. Bf4 Bb7 10. e3 d6 11. Bd3 Nd7 12. O-O Qe7 13. Rad1 a5 14.
h3 e5 15. Bh2 Rad8 16. d5 Ndc5 17. Be2 a4 18. Nd2 Nxd2 19. Rxd2 g5 20. Re1 Qf7 21. f4 gxf4 22. exf4 e4 23. Kh1 Kh8 24. g4 Rde8 25. Rg1 e3 26. Rd4 Ne4 27. Bg3 Qf6 28. Qd3 Nf2+ 29. Bxf2 exf2 30. Rd1 Qh4 31. Kg2 Re7 32. Bf3 Rfe8 33. Qc3 Kg8 34. R4d2 fxg4 35. hxg4 Bc8 36. f5 Bxf5 37. Rxf2 Bxg4 38. Bxg4 Qxg4+ 39. Qg3 Qxg3+ 40. Kxg3 Re3+ 41. Kh2 Re2 42. Rd2 Rxd2 43. Rxd2 Re4 44. Rc2 Kf7 45. Kg3 Kf6 46. Kf3 Ke5 47.
Rc3 h5 48. Kg3 Rg4+ 49. Kf3 Kd4 50. Rc1 Kc5 51. Rh1 Rxc4 52. Rxh5 Rc2 53. Rh7 Kxd5 54. Ke3 c5 55. Ra7 b5 56. Rb7 Rxb2 57. Kd3 Rb3+ 58. Kc2 Kc6 59. Rb8 Rxa3 0-1

[Event "*** Titled Tuesday Blitz"]
[Site "Chess.com"]
[Date "2019.01.01"]
[Round "1"]
[White "LastGladiator1"]
[Black "WPWPWP-2015"]
[Result "1-0"]
[WhiteElo "2642"]
[BlackElo "2285"]
[TimeControl "180+2"]
[EndTime "13:09:41 PST"]
[Termination "LastGladiator1 won on time"]

1. d4 Nf6 2. c4 e6 3. Nc3 Bb4 4.
Nf3 b6 5. Bg5 Bb7 6. Nd2 h6 7.
Bh4 Bxc3 8. bxc3 c5 9. e3 d6 10. f3 O-O 11. Bd3 e5 12. O-O Nbd7 13. Bf5 Qe7 14.
Bxd7 Qxd7 15. Bxf6 gxf6 16. Ne4 Qe6 17. Qe1 f5 18. Qg3+ Kh7 19. d5 Qe7 20. Nd2 Rg8 21.
Qh3 Bc8 22. f4 e4 23. a4 Bd7 24. Kh1 Rg4 25. g3 a5 26. Rfb1 Rb8 27. Rb2 Qf6 28. Rab1 Qxc3 29. Nf1 Qxc4 30. Rxb6 Rxb6 31. Rxb6 Rg6 32.
Rb7 Be8 33. Kg1 Qxd5 34. Rb8 Bxa4 35. Qh4 Rg8 36. Rxg8 Kxg8 37. Qxh6 Qe6 38. Qg5+ Kh7 39. Qh5+ Kg7 40. Qg5+ Qg6 41. Qd8 Bb3 42. Qxa5 Bd1 43.
Qa1+ Qf6 44. Qxd1 Qe6 45. Qa1+ Kg6 46. g4 fxg4 47. Ng3 f5 48. Qh8 Kf7 49. Qh7+ Ke8 50. Nxf5 Kd8 51. Qh4+ Kc7 52. Qxg4 c4 53. Qg7+ Kb6 54.
Qb2+ Kc6 55. Nd4+ 1-0

[Event "*** Titled Tuesday Blitz"]
[Site "Chess.com"]
[Date "2019.01.01"]
[Round "1"]
[White "Kurai"]
[Black "rikyshi"]
[Result "0-1"]
[WhiteElo "2529"]
[BlackElo "2174"]
[TimeControl "180+2"]
[EndTime "13:09:41 PST"]
[Termination "rikyshi won by resignation"]

1. e4 e6 2. d4 d5 3. Nd2 Nf6 4. e5 Nfd7 5. Bd3 c5 6. c3 b6 7. Qe2 Nc6 8. Ngf3 cxd4 9. cxd4 Nb4 10. Bb1 Ba6 11. Qe3 Qc7 12. Qc3 Rc8 13. Qxc7 Rxc7 14. Nb3 Nc2+ 15. Bxc2 Rxc2 16. Nfd2 Bb4 17. Kd1 Rc7 18. a3 Be7 19. Nb1 Bc4 20. N3d2 Bd3 21. Nc3 O-O 22. f4 f6 23. Nf3 fxe5 24. fxe5 h6 25. Be3 b5 26. Kd2 Bc4 27. h4 b4 28.
axb4 Bxb4 29. h5 Nb6 30. Nh4 Bb3 31. Rh3 Nc4+ 32. Ke1 Nxb2 33. Bd2 Nc4 34. Rb1 Nxd2 35. Kxd2 Bxc3+ 36. Rxc3 Rf2+ 37. Ke1 Rxc3 38. Kxf2 a5 39. Nf3 a4 40. Nd2 Kf7 41. Ke2 Ke7 42. g4 Kd7 43. Rg1 a3 44. Ra1 Bc4+ 45. Nxc4 dxc4 46. Kd2 Rb3 47. Kc2 Kc6 48. Rg1 Kd5 49. g5 hxg5 50. Rxg5 a2 51. Rg1 Rb1 52. Rxb1 axb1=Q+ 53. Kxb1 Kxd4 54. Kc2 Kxe5 55. Kc3 Kd5 56. Kd2 Kd4 57. Ke2 c3 58.
Ke1 Kd3 59. Kd1 e5 60. Kc1 e4 61. Kd1 e3 62. Ke1 c2 0-1

[Event "*** Titled Tuesday Blitz"]
[Site "Chess.com"]
[Date "2019.01.01"]
[Round "1"]
[White "Gr3egor"]
[Black "aa175"]
[Result "0-1"]
[WhiteElo "2474"]
[BlackElo "1924"]
[TimeControl "180+2"]
[EndTime "13:09:41 PST"]
[Termination "aa175 won by resignation"]

1. d4 Nf6 2. c4 g6 3. Nc3 d5 4. cxd5 Nxd5 5. e4 Nxc3 6. bxc3 Bg7 7. Nf3 O-O 8. Be2 c5 9. Rb1 Nc6 10. d5 Na5 11. c4 b6 12. Bb2 Nb7 13. Bxg7 Kxg7 14. h4 h5 15. Ng5 f6 16. Nh3 Nd6 17.
f3 e5 18. dxe6 Bxe6 19. Nf4 Bf7 20. Qc2 Qe7 21. Rd1 Qe5 22. Nh3 Rad8 23. O-O Qg3 24. Rd2 Qxh4 25. Rfd1 Qg3 26. Qa4 Nb7 27. Nf2 Rxd2 28.
Rxd2 Qf4 29. Rd7 Na5 30. Rxa7 Qc1+ 31. Bf1 Kg8 32. Qd1 Qxd1 33. Nxd1 Bxc4 34. Bxc4+ Nxc4 35. Nc3 f5 36. Nd5 fxe4 37. fxe4 Rf7 38. Ra8+ Kg7 39.
Rb8 Nd2 40. Rxb6 Nxe4 41. Re6 Ng3 42. Rc6 Ne4 43. Re6 Nd2 44. Re2 Nb1 45. Rc2 Ra7 46. Nf4 Kh6 47. g3 Ra3 48. Kg2 Nc3 49. Rc1 Rxa2+ 50.
Kf3 Ra3 51. Kg2 Ne4 52. Ne2 Re3 53. Rc2 c4 54. Rxc4 Rxe2+ 55. Kf3 Nd2+ 0-1

[Event "*** Titled Tuesday Blitz"]
[Site "Chess.com"]
[Date "2019.01.01"]
[Round "1"]
[White "Berardino"]
[Black "Keranke"]
[Result "0-1"]
[WhiteElo "2397"]
[BlackElo "2753"]
[TimeControl "180+2"]
[EndTime "13:09:44 PST"]
[Termination "Keranke won by resignation"]

1. e4 g6 2. d4 Bg7 3. Nc3 d6 4. f4 a6 5. Nf3 b5 6. Bd3 Nd7 7. O-O c5 8. Be3 Bb7 9. Kh1 c4 10. Be2 b4 11. Nd5 Bxd5 12. exd5 Nb6 13. Nd2 c3 14. bxc3 Nxd5 15. Nc4 Nxc3 16. Qd3 Nxe2 17. Qxe2 Nf6 18. a3 bxa3 19. Rxa3 O-O 20. Rfa1 Nd5 21. Rxa6 Rxa6 22. Rxa6 Qc8 23. Ra7 Qe6 24. Qd2 Rc8 25. Ra4 Rxc4 26. Rxc4 Qxe3 27. Rc8+ Bf8 28. Qxe3 Nxe3 29.
c4 Nf5 30. c5 Nxd4 31. c6 Nxc6 32. Rxc6 Kg7 33. g3 Kf6 34. Kg2 h5 35. Kf3 Ke6 36. h3 Bg7 37. g4 hxg4+ 38. hxg4 Bd4 39. Ke4 Bc5 40. f5+ Kf6 41. Rc7 e6 42. fxe6 fxe6 43.
Kf4 g5+ 44. Kf3 Bb4 45. Rb7 Bd2 46. Ra7 Ke5 47. Rd7 d5 48. Re7 Kd6 49. Re8 e5 50. Ke2 Bc1 51. Rg8 e4 52. Rc8 Bf4 53. Rf8 d4 54. Re8 d3+ 55. Kf2 Kd5 56. Rd8+ Kc4 57.
Rc8+ Kd4 58. Rd8+ Kc3 59. Rc8+ Kd2 0-1